 Dungeon Crawl Stone Soup version 0.28-b1-1-g3c77fb2ed1 (webtiles) character file.

Game seed: 15074251350396776066

10495 KamiKatze the Cleaver (level 11, -4/142 (150) HPs)
             Began as a Minotaur Berserker on Jan 26, 2022.
             Was an Elder of Trog.
             Shot with an arrow by a centaur warrior (5 damage)
             ... on level 9 of the Dungeon.
             The game lasted 00:40:44 (9989 turns).

KamiKatze the Cleaver (Minotaur Berserker)          Turns: 9989, Time: 00:40:45

HP:   -4/142 (150)  AC: 25    Str: 22 (25) XL:     11   Next: 36%
MP:   10/10         EV:  2    Int:  3 (4)  God:    Trog [****..]
Gold: 477           SH:  0    Dex: 10 (11) Spells: 10/10 levels left

rFire   . . .      SeeInvis .   a - +4 war axe
rCold   . . .      Faith    .   (no shield)
rNeg    . . .      Spirit   .   (armour currently unavailable)
rPois   +          Reflect  .   (helmet currently unavailable)
rElec   .          Harm     .   (cloak currently unavailable)
rCorr   .          Rampage  .   (gloves currently unavailable)
Will    ++...      NoTele   +   (boots currently unavailable)
Stlth   +.........              (no amulet)
HPRegen 1.33/turn               (no ring)
MPRegen 0.12/turn               (no ring)

@: tree-form, strong-willed, regenerating, drained
A: stationary, stasis, torment immunity, boosted hp, (horns 2), (retaliatory
headbutt)
a: Renounce Religion, Berserk, Trog's Hand, Brothers in Arms


You were on level 9 of the Dungeon.
You worshipped Trog.
Trog was greatly pleased with you.
You were a tree.
You visited 2 branches of the dungeon, and saw 10 of its levels.
You also visited: Ossuary.

You collected 477 gold pieces.

Inventory:

Hand Weapons
 a - a +4 war axe (weapon)
 n - a +0 hand axe
 u - the +6 halberd of Growth {antimagic, rC+ Will++ Int+3 Dex-2}
   (You found it on level 4 of the Dungeon)

   It reduces the magical energy of the wielder, and disrupts the spells and
   magical abilities of those it strikes.
   Natural abilities and divine invocations are not affected.
   Int:       It affects your intelligence (+3).
   Dex:       It affects your dexterity (-2).
   rC:        It protects you from cold.
   Will:      It greatly increases your willpower.
 w - a +0 dire flail
 A - a +0 war axe
 G - a +2 broad axe
 I - a +0 broad axe
Missiles
 d - 5 curare-tipped darts
 e - 97 stones
 g - 22 poisoned darts (quivered)
 q - 5 throwing nets
Armour
 v - a +1 chain mail (melded)
 C - a +0 buckler
 H - an orb of light
 K - the +2 hat of a Billion Visionaries (melded) {Str+4}
   (You acquired it on level 5 of the Dungeon)

   Str:       It affects your strength (+4).
 M - a +0 plate armour
 O - a scarf of repulsion
Jewellery
 F - an amulet of faith
 N - a ring of ice
Wands
 b - a wand of acid (9)
 J - a wand of flame (17)
Scrolls
 j - a scroll of blinking
 l - 2 scrolls of immolation
 m - a scroll of acquirement
 o - a scroll of enchant weapon
 r - a scroll of vulnerability {unknown}
 x - 2 scrolls of silence
 y - 3 scrolls of enchant armour
 B - 2 scrolls of fear
 D - a scroll of magic mapping
 L - a scroll of teleportation
Potions
 c - a potion of cancellation
 k - 3 potions of attraction
 p - 2 potions of flight
 s - a potion of haste
 t - a potion of lignification
 z - a potion of heal wounds {unknown}
 E - 2 potions of mutation
 P - a potion of might


   Skills:
 + Level 10.3 Fighting
 * Level 13.7 Axes
 + Level 9.8 Armour
 + Level 9.0 Dodging
 - Level 3.0 Evocations


You had 10 spell levels left.
You didn't know any spells.
Your spell library was empty.

Dungeon Overview and Level Annotations

Branches:
Dungeon (9/15)             Temple (1/1) D:4            Lair (0/6) D:8
Ossuary (visited)
    Orc: D:9-12

Altars:
Ashenzari
Cheibriados
Dithmenos
Elyvilon
Fedhas
Gozag
Hepliaklqana
Kikubaaqudgha
Makhleb
Nemelex Xobeh
Okawaru
Qazlal
Ru
Sif Muna
Trog
Uskayaw
Vehumet
Wu Jian
Xom
Yredelemnul
Zin
The Shining One

Shops:
D:6 (


Innate Abilities, Weirdness & Mutations

You are a tree.
Your roots penetrate the ground, keeping you stationary.
You cannot be teleported.
You are immune to unholy pain and torment.
Your maximum health is greatly increased.
Your equipment is partially melded.
((You have a pair of horns on your head.))
((You reflexively headbutt those who attack you in melee.))


Message History

The killer bee buzzes angrily.
You hear an angry buzzing noise. x4
A killer bee comes into view.
As you read the scroll labelled SOMUSHR RUNN, it crumbles to dust.
The creatures around you are filled with an inner flame!
It was a scroll of immolation.
You feel sick.
The killer bee buzzes angrily.
You hear an angry buzzing noise. x2
As you read the scroll labelled KELUID NIWKAPP, it crumbles to dust.
You feel strangely unstable.
It was a scroll of teleportation.
You feel sick.
A killer bee comes into view.
The killer bee closely misses you.
Your skin stops crawling.
You feel less strong-willed.
You feel sick.
The killer bee buzzes angrily.
You hear an angry buzzing noise.
The killer bee barely misses you.
You feel sick. The killer bee misses you.
You feel sick. The killer bee closely misses you.
Your surroundings suddenly seem different.
You feel sick.
The centaur warrior shouts!
The centaur warrior unwields a +0 flail.
The centaur warrior wields a +0 longbow.
The centaur warrior shoots an arrow.
The arrow hits you.
* * * LOW HITPOINT WARNING * * *
The centaur warrior shoots an arrow.
The arrow hits you!
* * * LOW HITPOINT WARNING * * *
It was a potion of lignification.
You turn into a tree.
The +2 hat of a Billion Visionaries {Str+4} melds into your body.
Your +1 chain mail melds into your body.
Your roots penetrate the ground.
* * * LOW HITPOINT WARNING * * *
You feel sick.
The centaur warrior shoots an arrow.
The arrow hits you but does no damage.
Okay, then.
Your skin crawls.
You feel strong-willed.
* * * LOW HITPOINT WARNING * * *
You feel sick.
You are no longer poisoned.
The centaur warrior shoots an arrow.
The arrow hits you.
You die...

####'## ......#
#...........# ......#
#...........# ......#
#...........# ......#
#...........#
......#..'...........#
......'.##...........#
......####...c.......#
####'## #......♣....#
#.# #####'####### #.#
# #.# #.# ####+####
#.......# #.......#
#.......+


You could see a centaur warrior.

Vanquished Creatures
  A boulder beetle (D:9)
  A hydra (D:9)
  4 ugly things
  2 manticores (D:9)
  A cyclops (D:9)
  A troll (D:9)
  A hornet (D:9)
  A shadow (D:7)
  A wraith (D:7)
  9 yaks
  2 vampire mosquitoes (D:9)
  Eustachio (D:5)
  Menkaure (D:5)
  A warg (shapeshifter) (D:9)
  A water moccasin (D:8)
  An ice beast (D:8)
  2 black bears (D:8)
  2 orc warriors
  A sky beast (D:6)
  An ogre (D:4)
  3 centaurs (D:6)
  A necrophage (D:6)
  A phantom (D:3)
  3 elf zombies (Ossuary)
  A kobold brigand (D:7)
  5 scorpions
  A gnoll sergeant (D:9)
  A wyvern skeleton (D:7)
  3 water moccasin skeletons
  8 killer bees (D:9)
  8 wights
  3 howler monkeys (D:8)
  5 centaur zombies
  A human zombie (Ossuary)
  A bullfrog skeleton (D:5)
  A bullfrog zombie (D:5)
  A hound (D:5)
  2 jellies
  2 orc priests
  2 centaur skeletons (D:6)
  A gnoll shaman (D:5)
  Ijyb (D:5)
  2 scorpion zombies (D:5)
  An iguana (D:6)
  5 orc wizards
  A killer bee zombie (D:9)
  3 hound zombies (Ossuary)
  3 mummies (Ossuary)
  17 gnolls
  8 adders
  2 shadow imps
  A white imp (D:5)
  An ufetubus (D:6)
  2 adder zombies (Ossuary)
  An adder skeleton (D:4)
  2 worms
  4 dart slugs
  28 orcs
  6 ball pythons
  6 bats
  7 endoplasms
  2 giant cockroaches (D:2)
  3 gnoll zombies (Ossuary)
  20 goblins
  6 hobgoblins
  4 jackals (D:4)
  A quokka (D:5)
  3 training dummies (D:6)
  7 frilled lizards
  4 goblin zombies
  4 hobgoblin zombies (Ossuary)
  2 jackal zombies (Ossuary)
  22 kobolds
  2 kobold zombies (Ossuary)
  6 quokka zombies
  5 rats
  5 rat zombies (Ossuary)
286 creatures vanquished.

Vanquished Creatures (others)
  7 fungi (D:8)
  9 plants
16 creatures vanquished.

Grand Total: 302 creatures vanquished

Notes
Turn   | Place    | Note
-------+----------+-------------------------------------------
     0 | D:1      | KamiKatze the Minotaur Berserker began the quest for the
                  | Orb.
     0 | D:1      | Reached XP level 1. HP: 19/19 MP: 0/0
   269 | D:1      | Reached XP level 2. HP: 27/27 MP: 1/1
   289 | D:1      | Reached skill level 4 in Axes
   616 | D:1      | Reached ** piety under Trog
   718 | D:1      | Reached XP level 3. HP: 33/33 MP: 2/2
  1235 | D:2      | Reached XP level 4. HP: 40/40 MP: 3/3
  1700 | D:2      | Found a faded altar of an unknown god.
  1980 | D:3      | Reached skill level 5 in Axes
  1980 | D:3      | Reached XP level 5. HP: 17/47 MP: 4/4
  2101 | D:3      | Noticed a phantom
  2111 | D:3      | Killed a phantom
  2425 | D:3      | Reached XP level 6. HP: 55/55 MP: 5/5
  2863 | D:4      | Reached *** piety under Trog
  2894 | D:4      | Reached skill level 5 in Fighting
  2894 | D:4      | Reached skill level 6 in Axes
  3164 | D:4      | Found a staircase to the Ecumenical Temple.
  3173 | Temple   | Entered the Ecumenical Temple
  3551 | D:4      | Identified the +6 halberd of Growth {antimagic, rC+ Will++
                  | Int+3 Dex-2}
  3977 | D:4      | Reached XP level 7. HP: 60/61 MP: 6/6
  4050 | D:5      | Entered Level 5 of the Dungeon
  4124 | D:5      | Identified a scroll of acquirement
  4195 | D:5      | Reached **** piety under Trog
  4203 | D:5      | Reached skill level 7 in Axes
  4302 | D:5      | Noticed Ijyb
  4309 | D:5      | Killed Ijyb
  4310 | D:5      | Reached skill level 5 in Armour
  4341 | D:5      | Noticed Menkaure
  4573 | D:5      | Found a sand-covered staircase.
  4580 | Ossuary  | Entered an ossuary
  4733 | Ossuary  | Reached skill level 8 in Axes
  4733 | Ossuary  | Reached skill level 5 in Dodging
  4733 | Ossuary  | Reached XP level 8. HP: 57/70 MP: 7/7
  4967 | D:5      | Reached ***** piety under Trog
  5035 | D:5      | Killed Menkaure
  5119 | D:5      | Noticed Eustachio
  5126 | D:5      | Killed Eustachio
  5127 | D:5      | Reached skill level 9 in Axes
  5597 | D:5      | Found a hide-covered altar of Uskayaw.
  5597 | D:5      | Found a broken altar of Ashenzari.
  6003 | D:6      | Reached XP level 9. HP: 57/79 MP: 8/8
  6014 | D:6      | Found Jaemo's Firing Range.
  6068 | D:6      | Upgraded the game from 0.28-b1 to 0.28-b1-1-g3c77fb2ed1
  6077 | D:6      | Reached skill level 1 in Evocations
  6380 | D:6      | Reached skill level 10 in Axes
  6639 | D:7      | Noticed a red ugly thing
  6651 | D:7      | Killed a red ugly thing
  6897 | D:7      | Found a burning altar of Makhleb.
  6910 | D:7      | Received a gift from Trog
  7097 | D:7      | Reached skill level 11 in Axes
  7238 | D:7      | Found a bloodstained altar of Trog.
  7445 | D:7      | Acquired the +2 hat of a Billion Visionaries {Str+4}
  7602 | D:8      | Reached XP level 10. HP: 82/90 MP: 9/9
  8083 | D:8      | Found a staircase to the Lair.
  8444 | D:8      | Reached skill level 12 in Axes
  9169 | D:9      | Noticed a manticore
  9213 | D:9      | Noticed a boulder beetle
  9249 | D:9      | Killed a boulder beetle
  9354 | D:9      | Noticed a seven-headed hydra
  9500 | D:9      | Killed a seven-headed hydra
  9501 | D:9      | Reached skill level 13 in Axes
  9501 | D:9      | Reached XP level 11. HP: 99/99 MP: 10/10
  9604 | D:9      | Noticed a brown ugly thing
  9617 | D:9      | Killed a brown ugly thing
  9625 | D:9      | Reached skill level 10 in Fighting
  9626 | D:9      | Noticed a green ugly thing
  9629 | D:9      | Noticed a brown ugly thing
  9635 | D:9      | Killed a brown ugly thing
  9636 | D:9      | Killed a green ugly thing
  9641 | D:9      | HP: 5/100 [poisoned by a green ugly thing]
  9643 | D:9      | HP: 1/100 [poisoned by a green ugly thing]
  9773 | D:9      | HP: 6/147 [wight (2)]
  9934 | D:9      | Noticed a centaur warrior
  9987 | D:9      | HP: 1/95 [centaur warrior/arrow (16)]
  9989 | D:9      | Shot with an arrow by a centaur warrior

Illustrated notes

Levels and vault maps discovered:
D:1:      dpeg_arrival_tiny_a, layout_basic, minmay_lizard_pond
D:2:      layout_basic, nicolae_ecumenical_lake_church,
          chequers_hall_statues_corner_a
D:3:      layout_basic, minmay_quadrilaterals
D:4:      corexii_shantytown, layout_basic, minmay_temple_entry_sparse_star
D:5:      layout_cave_pods, minitemple, enter_ossuary_4, minivault_25,
          st_stairs_12, uniq_ijyb, uniq_menkaure, uniq_eustachio
D:6:      layout_basic, nicolae_shop_firing_range
D:7:      layout_gridville, mainiacjoe_overflow_catch_the_wave, wad_mini_maze
D:8:      layout_loops_corners, grunt_lair_entry_orc_guard_hut
D:9:      layout_roguey, special_room [special_room_bee], grunt_ministairs_1,
          minivault_28
Temple:   hc_temple_tempest_star

Skill      XL: |  1  2  3  4  5  6  7  8  9 10 11 |
---------------+----------------------------------+-----
Axes           | 4 5 6 8 9 11 13 | 13.7
Fighting       | 4 5 6 7 8 9 10 | 10.3
Armour         | 3 4 5 6 7 9 |  9.8
Dodging        | 3 4 5 6 7 8 9 |  9.0
Evocations     | 2 3 |  3.0

Action                   |  1- 3 |  4- 6 |  7- 9 | 10-12 || total
-------------------------+-------+-------+-------+-------++-------
Melee: Hand axe          |    76 |   151 |    15 |       ||   242
       Headbutt          |    12 |    19 |    64 |    24 ||   119
       War axe           |       |       |   298 |   168 ||   466
       Punch             |       |       |     2 |     3 ||     5
       Dire flail        |       |       |       |     5 ||     5
Throw: Stone             |     3 |       |     5 |       ||     8
       Dart              |     8 |     8 |       |     6 ||    22
Invok: Berserk           |     1 |     3 |     4 |     5 ||    13
       Trog's Hand       |       |       |       |     7 ||     7
Evoke: Wand              |       |       |       |     1 ||     1
  Use: Scroll            |       |       |    11 |     7 ||    18
       Potion            |       |       |       |     6 ||     6
Armor: Leather armour    |    11 |    11 |       |       ||    22
       Scale mail        |       |    41 |     3 |       ||    44
       Chain mail        |       |       |   158 |    82 ||   240
       Skin              |       |       |       |     1 ||     1
Dodge: Dodged            |    50 |    79 |   158 |   136 ||   423
